 Dungeon Crawl Stone Soup version 0.30-a0-840-ga523dec638 (webtiles) character file.

Game seed: 1524798275585078282

13 retardedninja the Shield-Bearer (level 2, -2/29 HPs)
             Began as a Gnoll Fighter on Mar 1, 2023.
             Slain by a hobgoblin (3 damage)
             ... on level 2 of the Dungeon.
             The game lasted 00:00:48 (1013 turns).

retardedninja the Shield-Bearer (Gnoll Fighter)     Turns: 1013, Time: 00:00:49

Health: -2/29      AC:  7    Str: 15    XL:     2   Next: 37%
Magic:  2/2        EV:  9    Int:  7    God:
Gold:   64         SH:  5    Dex: 11    Spells: 1/1 levels left

rFire   + . .      SeeInvis .    a - +0 flail
rCold   + . .      Faith    .    c - +0 buckler
rNeg    . . .      Spirit   .    b - +0 scale mail
rPois   +          Reflect  .    (no helmet)
rElec   +          Harm     .    (no cloak)
rCorr   +          Rampage  .    (no gloves)
Will    .....                    (no boots) Stlth
                                 (no amulet)
HPRegen 0.24/turn                (no ring)
MPRegen 0.08/turn                (no ring)

@: mighty, resistant
A: fangs 1, strong nose, distributed training
a: no special abilities


You were on level 2 of the Dungeon.
You visited 1 branch of the dungeon, and saw 2 of its levels.

You collected 64 gold pieces.

Inventory:

Hand Weapons
 a - a +0 flail (weapon)
Armour
 b - a +0 scale mail (worn)
 c - a +0 buckler (worn)
Scrolls
 e - 2 scrolls of identify {unknown}
 g - a scroll of poison {unknown}
Potions
 d - a potion of might


   Skills:
 + Level 6.5 Fighting
 + Level 0.4 Short Blades
 + Level 0.4 Long Blades
 + Level 0.4 Axes
 + Level 4.5 Maces & Flails
 + Level 0.4 Polearms
 + Level 0.4 Staves
 + Level 0.4 Ranged Weapons
 + Level 0.4 Throwing
 + Level 6.5 Armour
 + Level 0.4 Dodging
 + Level 0.4 Stealth
 + Level 6.5 Shields
 + Level 0.4 Unarmed Combat
 + Level 0.4 Spellcasting
 + Level 0.2 Conjurations
 + Level 0.2 Hexes
 + Level 0.2 Summonings
 + Level 0.2 Necromancy
 + Level 0.2 Translocations
 + Level 0.2 Transmutations
 + Level 0.2 Fire Magic
 + Level 0.2 Ice Magic
 + Level 0.2 Air Magic
 + Level 0.2 Earth Magic
 + Level 0.2 Poison Magic
 + Level 0.5 Invocations
 + Level 0.4 Evocations


You had one spell level left.
You didn't know any spells.
Your spell library contained the following spells:

 Spells                   Type           Power      Damage    Failure   Level
 Sublimation of Blood     Necr           0%         N/A       95%         2
 Vhi's Electric Charge    Tloc/Air       0%         N/A       99%         3
 Petrify                  Tmut/Erth      0%         N/A       100%        4
 Arcjolt                  Conj/Air       0%         1d10      100%        5
 Irradiate                Conj/Tmut      0%         3d11      100%        5
 Maxwell's Capacitive Co  Air            0%         ∞         100%        8


Dungeon Overview and Level Annotations

Branches:
Dungeon (2/15)

Altars:


Innate Abilities, Weirdness & Mutations

You have very sharp teeth.
Your uncanny sense of smell can sniff out nearby items.
Your experience applies equally to all skills.


Message History

No target in view!
No target in view!
No target in view!
HP restored.
g - a scroll labelled PUWNOL NAEFI You pick up Maxwell's Memoranda and begin reading...
You add the spells Vhi's Electric Charge, Arcjolt and Maxwell's Capacitive Coupling to your library.
Key pressed, stopping explore.
Key pressed, stopping explore.
Key pressed, stopping explore.
d - 2 potions of might (gained 1)
Found 6 boomerangs.
Key pressed, stopping explore.
Found a stone staircase leading down.
A gnoll comes into view. It is wielding a +0 halberd.
Found 5 poisoned darts.
The gnoll shouts!
A gnoll comes into view. It is wielding a +0 club.
A hobgoblin comes into view.
There are monsters nearby! 2 gnolls come into view.
The gnoll shouts!
The gnoll moves out of view.
A rat comes into view.
The gnoll hits you from afar with a +0 halberd.
The gnoll barely misses you. The gnoll attacks as you move away!
The gnoll hits you with a +0 halberd. The gnoll barely misses you.
The gnoll hits you from afar with a +0 halberd!
You feel very mighty all of a sudden. You block the gnoll's attack.
The hobgoblin barely misses you.
It was a potion of resistance.
You feel protected.
The gnoll hits you from afar with a +0 halberd.
* * * LOW HITPOINT WARNING * * *
The hobgoblin hits you.
* * * LOW HITPOINT WARNING * * *
The hobgoblin attacks as you move away! You block the hobgoblin's attack.
The hobgoblin attacks as you move away! The hobgoblin hits you.
You die...

###..#####.#
###.## #...#
#.### #.#
##.# ###..#
. #...##
#### ..
###@### #...
#. #.g.#
#.#. #..
##.### ∆
#.#. .. #..#
#.#. #.##g##
#.#. #..gg#
####.#.
........>#
#....#.
..(.######
#.####. ...
#...<#.


You could see 3 gnolls and a hobgoblin.

Vanquished Creatures
  A ball python (D:2)
  A bat (D:1)
  A giant cockroach (D:1)
  A goblin (D:1)
  3 hobgoblins
  2 kobolds (D:1)
  A rat (D:1)
10 creatures vanquished.

Notes
Turn   | Place    | Note
-------+----------+-------------------------------------------
     0 | D:1      | retardedninja the Gnoll Fighter began the quest for the
                  | Orb.
     0 | D:1      | Reached XP level 1. HP: 23/23 MP: 1/1
   160 | D:1      | Found a faded altar of an unknown god.
   507 | D:1      | Reached XP level 2. HP: 29/29 MP: 2/2
  1009 | D:2      | HP: 1/29 [hobgoblin (3)]
  1013 | D:2      | Slain by a hobgoblin

Illustrated notes

Levels and vault maps discovered:
D:1:      dpeg_arrival_houses_and_road, layout_loops_corners,
          ebering_ecumenical_altar_hall
D:2:      layout_basic

Action                     || total
---------------------------++-------
  Melee: Flail             ||    47
         Bite              ||     1
    Use: Potion            ||     2
 Armour: Scale mail        ||    21
  Dodge: Dodged            ||    29
  Block: Buckler           ||    14

Table legend: (Time is in decaauts)
 A = Elapsed time spent in this place.
 B = Non-inter-level travel time spent in this place.
 C = Inter-level travel time spent in this place.
 D = Time resting spent in this place.
 E = Time spent auto-exploring this place.
 F = Levels seen in this place.
 G = Mean time per level.
                   A        B        C        D        E       F      G
               +--------+--------+--------+--------+--------+-----+--------+
         Total |   1023 |   1017 |      6 |      0 |    898 |   2 |  511.5 |
       Dungeon |   1023 |   1017 |      6 |      0 |    898 |   2 |  511.5 |
               +--------+--------+--------+--------+--------+-----+--------+

Top non-repeatable levels by time:
     D:1: 826 daAuts
     D:2: 197 daAuts
